 Dungeon Crawl Stone Soup version 0.24.1-4-ge52af88ad5 (webtiles) character file.

Game seed: 6316412194342175589, levelgen mode: deterministic

99 MajorAdolf the Chopper (level 4, -1/38 HPs)
             Began as a Naga Wanderer on Apr 15, 2020.
             Slain by Sigmund the centaur
             ... wielding a +0 scythe
              (3 damage)
             ... on level 2 of the Dungeon.
             The game lasted 00:05:23 (2155 turns).

MajorAdolf the Chopper (Naga Wanderer)              Turns: 2155, Time: 00:05:24

Health: -1/38      AC:  5    Str: 14    XL:     4   Next: 72%
Magic:  4/4        EV:  8    Int: 14    God:
Gold:   60         SH:  0    Dex: 10    Spells: 3/3 levels left

rFire    . . .     SeeInvis +   a - +2 hand axe
rCold    . . .     Gourm    .   (no shield)
rNeg     . . .     Faith    .   c - +0 ring mail
rPois    +         Spirit   .   (no helmet)
rElec    .         Reflect  .   i - +0 cloak
rCorr    .         Harm     .   (no gloves)
MR       .....                  (no barding)
Stlth    +.........             (no amulet)
HPRegen  0.12/turn              (no ring)
MPRegen  0.09/turn              (no ring)

@: very slow
A: large, see invisible, deformed body, poison resistance, slowness 2, slow
metabolism 1, spit poison 1, AC +1
a: Spit Poison


You were on level 2 of the Dungeon.
You were not hungry.

You visited 1 branch of the dungeon, and saw 2 of its levels.

You collected 60 gold pieces.

Inventory:

Hand Weapons
 a - a +2 hand axe (weapon)
 f - a +0 dagger
Armour
 c - a +0 ring mail (worn)
 i - a +0 cloak (worn)
 j - a +0 chain mail
Wands
 m - a wand of polymorph (2)
Scrolls
 b - a scroll of teleportation
 e - a scroll of identify {unknown}
 g - 2 scrolls of fog {unknown}
 l - a scroll of remove curse {unknown}
Potions
 h - a potion of might {unknown}
 k - a potion of heal wounds {unknown}
 n - a potion of lignification {unknown}
Comestibles
 d - 2 rations
 o - a chunk of flesh


   Skills:
 + Level 1.2 Fighting
 + Level 4.5(4.6) Axes
   Level 1.0(3.0) Maces & Flails
 + Level 3.3 Armour
 + Level 0.2 Dodging
 - Level 1.5 Stealth
   Level 1.0 Shields
 + Level 0.3 Evocations


You had 3 spell levels left.
You didn't know any spells.
Your spell library was empty.

Dungeon Overview and Level Annotations

Branches:
Dungeon (2/15)

Altars:
Ru
The Shining One

Annotations:
D:2 Sigmund


Innate Abilities, Weirdness & Mutations

You cannot wear boots.
Your serpentine skin is tough. (AC +1)
You have supernaturally acute eyesight. (SInv)
Armour fits poorly on your strangely shaped body.
Your system is resistant to poisons. (rPois)
You cover ground very slowly.
You have a slow metabolism.
You can spit poison.


Message History

Press: ? - help, Shift-Dir - straight line, f/p - Sigmund
Aim: Sigmund the centaur, wielding a +0 scythe (moderately wounded)
The splash of poison hits Sigmund!
Sigmund is severely wounded.
You feel slightly more hungry. Sigmund barely misses you.
You closely miss Sigmund.
Sigmund is severely wounded.
Sigmund says, "You will soon forget everything."
Sigmund hits you with a +0 scythe.
You hit Sigmund.
Sigmund is severely wounded.
Sigmund hits you with a +0 scythe!!
* * * LOW HITPOINT WARNING * * *
Unknown command.
Okay, then.
You hit Sigmund.
Sigmund is almost dead.
You have got your breath back.
Sigmund hits you with a +0 scythe.
You die...

..# . #
#.##+###############.....
.........................
#........................
####.#.....###...#...c...
...^.#.....+.'...#.......
.....#.....###...#.......
.....+...#####..@#.......
.....##..# #....c..#
.....##..## #.......#
.....##...# #.......#
.....##...###.......#
#######....##........'
#..#.##......###.
####.......#'##.# . #
......##..#.#.##.# .##


You could see Sigmund the centaur.

Vanquished Creatures
  Jessica (D:2)
  2 adders (D:2)
  3 worms (D:2)
  A dart slug (D:1)
  3 giant cockroaches
  10 goblins
  4 hobgoblins
  3 bats
  3 frilled lizards
  9 kobolds
  7 rats
46 creatures vanquished.

Notes
Turn   | Place    | Note
-------+----------+-------------------------------------------
     0 | D:1      | MajorAdolf the Naga Wanderer began the quest for the Orb.
     0 | D:1      | MajorAdolf set off with the following items: a +2 hand axe,
                  | a scroll of teleportation, a +0 ring mail, a ration
     0 | D:1      | Reached XP level 1. HP: 18/18 MP: 1/1
   132 | D:1      | Reached XP level 2. HP: 8/25 MP: 2/2
   550 | D:1      | Reached skill level 3 in Axes
   871 | D:1      | Reached XP level 3. HP: 29/31 MP: 3/3
  1756 | D:2      | Found a sacrificial altar of Ru.
  1824 | D:2      | Found a glowing golden altar of the Shining One.
  1829 | D:2      | Noticed Jessica
  1845 | D:2      | Killed Jessica
  1845 | D:2      | Reached skill level 4 in Axes
  1845 | D:2      | Reached XP level 4. HP: 30/38 MP: 4/4
  2141 | D:2      | Noticed Sigmund
  2143 | D:2      | Noticed Sigmund
  2143 | D:2      | Sigmund changed into Sigmund the centaur
  2155 | D:2      | Slain by Sigmund the centaur

Levels and vault maps discovered:
D:1:      elethiomel_arrival_quiet, layout_basic, minmay_tiny_reverse_x
D:2:      layout_basic, nicolae_overflow_crystal_walls, grunt_dithmenos_smoke,
          chequers_ecumenical_altar_simple, corner_web_ring, lemuel_tele_altar,
          uniq_jessica, uniq_sigmund

Skill      XL: |  1  2  3 |
---------------+----------+-----
Axes           | 3 4 |  4.5
Fighting       | |  1.2
Maces & Flails | |  1.0
Armour         | |  3.3
Dodging        | |  0.2
Stealth        | |  1.5
Shields        | |  1.0
Evocations     | |  0.3

Action                   |  1- 3 |  4- 6 || total
-------------------------+-------+-------++-------
Melee: Hand axe          |    75 |    23 ||    98
 Abil: Spit Poison       |    26 |     8 ||    34
Evoke: Wand              |       |     2 ||     2
  Eat: Chunk             |     3 |     2 ||     5
Armor: Ring mail         |    29 |     8 ||    37
Dodge: Dodged            |    38 |     6 ||    44
